 Dungeon Crawl Stone Soup version 0.30-a0-702-gdf48620a09 (webtiles) character file.

Game seed: 15247161583327571987

785 KennySheep the Skirmisher (level 8, -7/61 HPs)
             Began as a Meteoran Hunter on Jan 21, 2023.
             Was a Believer of Nemelex Xobeh.
             Mangled by Blork the orc
             ... wielding a +0 dire flail
              (9 damage)
             ... on level 5 of the Dungeon.
             The game lasted 00:22:31 (2371 turns).

KennySheep the Skirmisher (Meteoran Hunter)         Turns: 2371, Time: 00:22:32

Health: -7/61      AC:  1    Str: 13    XL:     8   Next: 33%
Magic:  13/13      EV: 12    Int: 10    God:    Nemelex Xobeh [**....]
Gold:   238        SH:  0    Dex: 20    Spells: 7/7 levels left

rFire   . . .      SeeInvis .    a - +0 shortbow
rCold   . . .      Faith    .    (shield currently unavailable)
rNeg    . . .      Spirit   .    c - +0 leather armour
rPois   .          Reflect  .    (no helmet)
rElec   .          Harm     .    (no cloak)
rCorr   .          Rampage  .    (no gloves)
Will    +....                    (no boots)
Stlth   +                        (no amulet)
HPRegen 0.30/turn                (no ring)
MPRegen 0.13/turn                (no ring)

@: glowing, invisible (but backlit and visible)
A: sense surroundings 1, otherworldly, glowing, explore regen, deformed body
a: Renounce Religion, Draw Escape, Draw Destruction, Draw Summoning


You were on level 5 of the Dungeon.
You worshipped Nemelex Xobeh.
Nemelex Xobeh was pleased with you.
You visited 1 branch of the dungeon, and saw 7 of its levels.
You also visited: Ossuary.

You collected 238 gold pieces.

Inventory:

Hand Weapons
 a - a +0 shortbow (weapon)
 p - a +1 dagger of pain
Armour
 c - a +0 leather armour (worn)
 d - a +0 robe of the Archmagi
Jewellery
 g - a ring of ice
 m - a ring of fire
Scrolls
 b - a scroll of immolation
 e - 2 scrolls of vulnerability
 f - a scroll of noise {unknown}
 h - a scroll of amnesia
 i - 4 scrolls of identify
 k - 2 scrolls of teleportation
 l - a scroll of silence {unknown}
 n - a scroll of poison {unknown}
 o - a scroll of enchant armour {unknown}
 q - a scroll of blinking
Potions
 j - a potion of invisibility


   Skills:
 - Level 2.1 Fighting
 + Level 8.9 Ranged Weapons
 - Level 2.4 Dodging
 - Level 0.6 Stealth
 + Level 6.0 Invocations


You had 7 spell levels left.
You didn't know any spells.
Your spell library contained the following spells:

 Spells                   Type           Power      Damage    Failure   Level
 Iskenderun's Battlesphe  Conj           0%         2d6       100%        5
 Iron Shot                Conj/Erth      0%         9d1       100%        6
 Spellforged Servitor     Conj/Summ      0%         N/A       100%        7
 Borgnjor's Revivificati  Necr           0%         N/A       100%        8
 Necromutation            Tmut/Necr      0%         N/A       100%        8
 Death's Door             Necr           0%         N/A       100%        9


Dungeon Overview and Level Annotations

Branches:
Dungeon (7/15) Zot: 1777   Temple (0/1) D:4         Ossuary (visited)

Altars:
Kikubaaqudgha
Nemelex Xobeh
Qazlal
The Shining One

Annotations:
D:5 Blork the orc


Innate Abilities, Weirdness & Mutations

You passively map a small area around you.
You are easily found by Zot.
You glow in the dark.
You regain HP and MP as you explore.
Armour fits poorly on your strangely shaped body.


Message History

Found a scroll of teleportation.
Found a glowing long sword.
Blork the orc comes into view.
He is wielding a +0 dire flail.
Found 6 javelins.
Blork the orc shouts!
Blork the orc gestures at you while chanting.
The magic dart hits you!
You see here a wand of charming (15).
You shoot an arrow. The arrow barely misses Blork the orc.
You shoot an arrow.
The arrow hits Blork the orc but does no damage.
Blork the orc begins to cast a cantrip, but forgets the words!
You shoot an arrow. The arrow hits Blork the orc!
Blork the orc is moderately wounded.
You shoot an arrow.
The arrow hits Blork the orc but does no damage.
Blork the orc is moderately wounded.
Blork the orc mumbles some strange words.
Blork the orc seems to speed up.
You shoot an arrow. The arrow hits Blork the orc!
Blork the orc is heavily wounded.
You shoot an arrow. The arrow barely misses Blork the orc.
Blork the orc hits you with a +0 dire flail! x2
You shoot an arrow. The arrow closely misses Blork the orc.
Blork the orc hits you with a +0 dire flail!
You draw a card...
You have drawn the Cloud.
Clouds appear around you!
Blork the orc hits you with a +0 dire flail!
* * * LOW HITPOINT WARNING * * *
Blork the orc barely misses you.
Okay, then.
You shoot an arrow. The arrow hits Blork the orc.
Blork the orc is severely wounded.
Blork the orc hits you with a +0 dire flail!
* * * LOW HITPOINT WARNING * * *
Blork the orc hits you with a +0 dire flail.
* * * LOW HITPOINT WARNING * * *
You draw a card...
You have drawn Velocity.
Blork the orc seems to slow down.
Blork the orc hits you with a +0 dire flail!
You die...
Your body glows slightly brighter and disappears.

##.........##...[...#
....................##.
....................#..
,
....................)#,,
.....................#
.....................##.
.................§§.....
................§§§?....
........(..##../@o§....#
........#########§§..###
, ........, , **.§#..(.
........ ,,* ..# ..., *
, ........ ⌠ #.. .
.######* , ... .#* , * *
.... , , .# _ , , .#...
.# , , , ,


You could see Blork the orc (fast, slow).

Vanquished Creatures
  A lemure (D:4)
  A gnoll sergeant (D:7)
  A scorpion (D:5)
  A howler monkey (D:7)
  A centaur zombie (Ossuary)
  A gnoll bouda (D:4)
  2 hounds (D:5)
  2 orc priests
  Natasha (D:2)
  Terence (D:2)
  4 orc wizards
  11 gnolls
  6 adders
  2 dart slugs (D:1)
  2 worms
  29 orcs
  14 ball pythons
  6 endoplasms
  3 giant cockroaches
  3 hobgoblins (D:1)
  2 jackals (D:1)
  3 quokkas
  6 bats
  3 frilled lizards
  7 goblins
  4 kobolds
  6 rats
123 creatures vanquished.

Vanquished Creatures (collateral kills)
  A lemure (D:4)
1 creature vanquished.

Vanquished Creatures (others)
  12 plants (D:3)
  7 withered plants (D:4)
19 creatures vanquished.

Grand Total: 143 creatures vanquished

Notes
Turn   | Place    | Note
-------+----------+-------------------------------------------
     0 | D:1      | KennySheep the Meteoran Hunter began the quest for the Orb.
     0 | D:1      | Reached XP level 1. HP: 17/17 MP: 2/2
    78 | D:1      | Reached XP level 2. HP: 24/24 MP: 3/3
   109 | D:1      | Reached skill level 5 in Ranged Weapons
   178 | D:1      | Reached XP level 3. HP: 25/29 MP: 4/4
   357 | D:2      | Reached XP level 4. HP: 34/36 MP: 5/5
   493 | D:2      | Noticed Terence
   503 | D:2      | Killed Terence
   504 | D:2      | Reached skill level 6 in Ranged Weapons
   533 | D:2      | Found a sparkling altar of Nemelex Xobeh.
   545 | D:2      | Became a worshipper of Nemelex Xobeh the Trickster
   619 | D:2      | Found a faded altar of an unknown god.
   672 | D:2      | Reached XP level 5. HP: 41/41 MP: 6/6
   698 | D:2      | Noticed Natasha
   721 | D:2      | Killed Natasha
   722 | D:2      | Reached skill level 1 in Invocations
   988 | D:3      | Reached XP level 6. HP: 35/48 MP: 8/8
  1197 | D:4      | Reached skill level 7 in Ranged Weapons
  1284 | D:4      | Gained mutation: Armour fits poorly on your strangely
                  | shaped body. [potion of mutation]
  1284 | D:4      | HP: 1/48 [orc/+0 war axe (3)]
  1361 | D:3      | Reached * piety under Nemelex Xobeh
  1575 | D:4      | Reached XP level 7. HP: 50/55 MP: 10/10
  1629 | D:4      | Found a sand-covered staircase.
  1634 | Ossuary  | Entered an ossuary
  1656 | Ossuary  | HP: 2/55 [centaur zombie (3)]
  1767 | D:4      | Received a gift from Nemelex Xobeh
  1780 | D:4      | Found a staircase to the Ecumenical Temple.
  1988 | D:4      | Reached skill level 8 in Ranged Weapons
  1992 | D:4      | Found an ancient bone altar of Kikubaaqudgha.
  2141 | D:5      | Entered Level 5 of the Dungeon
  2169 | D:4      | HP: 2/55 [lemure[Pikel] (5)]
  2223 | D:5      | Reached skill level 5 in Invocations
  2226 | D:5      | Reached XP level 8. HP: 61/61 MP: 12/12
  2232 | D:5      | You fall into a shaft and drop 2 floors!
  2262 | D:7      | Found a stormy altar of Qazlal.
  2265 | D:7      | Found a glowing golden altar of the Shining One.
  2343 | D:5      | Reached ** piety under Nemelex Xobeh
  2360 | D:5      | Noticed Blork the orc
  2370 | D:5      | HP: 2/61 [Blork the orc/+0 dire flail (4)]
  2371 | D:5      | Mangled by Blork the orc

Illustrated notes

Levels and vault maps discovered:
D:1:      dpeg_arrival_subterranean_lakeside_camping, layout_rooms
D:2:      layout_loops_ring, ebering_ecumenical_altar_mist, basic_altar,
          minmay_diced_spiral, uniq_natasha, uniq_terence, uniq_sigmund
D:3:      layout_loops_cross, kennysheep_nondescript, skrybe_limestone_x,
          chequers_big_river, minmay_shallow_snake_nest
D:4:      layout_cave_pods, kiku_gazebo_garden_becter,
          minmay_temple_entry_statues_pillars, nicolae_ossuary_entry_plus
D:5:      layout_cave_pools, mainiacjoe_overflow_alcove_2,
          nicolae_overflow_hallway_of_the_gods, gup_sewer_entry_glass,
          uniq_blork_the_orc, uniq_eustachio, uniq_pikel
D:6:      layout_cave_pools, hangedman_abyss_or_decor_lesser_grid
D:7:      layout_gridville, fedhas_altar_2, nicolae_overflow_hidden_temple,
          kb_lookout_dungeons_type, minivault_23, hangedman_decor_push,
          st_stairs_1, minmay_between

Skill      XL: |  1  2  3  4  5  6  7  8 |
---------------+-------------------------+-----
Ranged Weapons | 5 6 7 8 |  8.9
Invocations    | 1 3 5 6 |  6.0
Fighting       | |  2.1
Dodging        | |  2.4
Stealth        | |  0.6

Action                   |  1- 3 |  4- 6 |  7- 9 || total
-------------------------+-------+-------+-------++-------
Melee: Shortbow          |     1 |       |       ||     1
       Unarmed           |       |     5 |       ||     5
 Fire: Shortbow          |    98 |   136 |   151 ||   385
Invok: Draw Summoning    |       |       |     1 ||     1
       Draw Destruction  |       |       |     4 ||     4
       Draw Escape       |       |       |     2 ||     2
  Use: Potion            |     1 |     3 |     3 ||     7
       Scroll            |       |     5 |       ||     5
Armor: Leather armour    |    26 |     4 |     6 ||    36
Dodge: Dodged            |    34 |    27 |    48 ||   109

Table legend: (Time is in decaauts)
 A = Elapsed time spent in this place.
 B = Non-inter-level travel time spent in this place.
 C = Inter-level travel time spent in this place.
 D = Time resting spent in this place.
 E = Time spent auto-exploring this place.
 F = Levels seen in this place.
 G = Mean time per level.
                   A        B        C        D        E       F      G
               +--------+--------+--------+--------+--------+-----+--------+
         Total |   2445 |   2354 |     91 |    100 |      0 |   8 |  305.6 |
       Dungeon |   2421 |   2330 |     91 |    100 |      0 |   7 |  345.9 |
       Ossuary |     24 |     24 |      0 |      0 |      0 |   1 |   24.0 |
               +--------+--------+--------+--------+--------+-----+--------+

Top non-repeatable levels by time:
     D:4: 761 daAuts
     D:3: 663 daAuts
     D:2: 447 daAuts
     D:1: 366 daAuts
     D:7: 83 daAuts
     D:5: 70 daAuts
     D:6: 30 daAuts
 Ossuary: 24 daAuts
